[Event "POL-chT 2nd League-4 2020"]
[Site "Poronin"]
[Date "2020.09.07"]
[Round "3.2"]
[White "Mirski, Michal"]
[Black "Grela, Kacper"]
[Result "0-1"]
[ECO "B68"]
[WhiteElo "2032"]
[BlackElo "2377"]
[Annotator "ChessBase"]
[PlyCount "128"]
[EventDate "2020.09.05"]
[EventType "team-tourn"]
[EventCountry "POL"]
[SourceTitle "playchess.com"]
[Source "ChessBase"]
[SourceQuality "1"]
[TimeControl "40/5400+30:900+30"]

1. e4 c5 2. Nf3 Nc6 3. Nc3 d6 4. d4 cxd4 5. Nxd4 Nf6 6. Bg5 e6 7. Qd2 a6 8. O-O-O Bd7 9. f4 Be7 10. Be2 b5 11. Bf3 Rc8 12. g4 Qb6 13. Bxf6 Bxf6 14. Nxc6 Bxc6 15. g5 Be7 16. h4 Qc5 17. Kb1 a5 18. h5 a4 19. Ne2 a3 20. Qd4 Qxd4 21. Nxd4 axb2 22. Kxb2 O-O 23. Rhg1 b4 24. f5 Ba4 25. fxe6 Rc5 26. exf7+ Rxf7 27. Bg4 Bxg5 28. Be6 Bf6 29. h6 g6 30. Kb1 Kf8 31. Rgf1 Ke7 32. Bxf7 Kxf7 33. Rf2 Ke7 34. Nb3 Rh5 35. Rdf1 Bc3 36. Rf7+ Ke6 37. Rxh7 Bc6 38. Rc7 Bxe4 39. a3 Rh2 40. Rc1 d5 41. axb4 Bxb4 42. h7 Kd6 43. Ra7 g5 44. Rg7 Bxh7 45. Nd4 Be4 46. Kb2 Bd2 47. Rf1 Bf4 48. Kb3 Be5 49. Nb5+ Kc5 50. Rxg5 Bxc2+ 51. Ka3 Bb2+ 52. Kxb2 Bd3+ 53. Kc3 Bxf1 54. Nc7 Rh3+ 55. Kd2 Bc4 56. Ne6+ Kd6 57. Nf4 Rf3 58. Ng2 d4 59. Kc2 Rf2+ 60. Kd1 d3 61. Ne3 Bb3+ 62. Kc1 d2+ 63. Kb1 Re2 64. Nf5+ Ke5 0-1

[Event "POL-chT 2nd League-4 2020"]
[Site "Poronin"]
[Date "2020.09.07"]
[Round "3.3"]
[White "Kowalak, Piotr"]
[Black "Turecki, Stanislaw"]
[Result "1-0"]
[ECO "B91"]
[WhiteElo "2105"]
[BlackElo "1785"]
[Annotator "ChessBase"]
[PlyCount "29"]
[EventDate "2020.09.05"]
[EventType "team-tourn"]
[EventCountry "POL"]
[SourceTitle "playchess.com"]
[Source "ChessBase"]
[SourceQuality "1"]
[TimeControl "40/5400+30:1800+30"]

1. e4 c5 2. Nf3 d6 3. d4 cxd4 4. Nxd4 Nf6 5. Nc3 a6 6. g3 b5 7. Bg2 Bb7 8. O-O e6 9. Re1 Be7 10. e5 Nd5 11. Bxd5 Bxd5 12. Nxd5 dxe5 13. Nxe7 Qxd4 14. Qxd4 exd4 15. Nf5 1-0

[Event "POL-chT 2nd League-4 2020"]
[Site "Poronin"]
[Date "2020.09.07"]
[Round "3.4"]
[White "Rainer, Piotr"]
[Black "Madera, Mateusz"]
[Result "1-0"]
[ECO "B48"]
[WhiteElo "1641"]
[BlackElo "1945"]
[Annotator "NA"]
[PlyCount "57"]
[EventDate "2020.09.05"]
[EventType "team-tourn"]
[EventCountry "POL"]
[SourceTitle "playchess.com"]
[Source "ChessBase"]
[SourceQuality "1"]
[TimeControl "40/5400+30:900+30"]

1. e4 c5 2. Nf3 e6 3. d4 cxd4 4. Nxd4 Nc6 5. Nc3 Qc7 6. Be3 a6 7. Bd3 Nf6 8. O-O b5 9. a4 b4 10. Nce2 Ng4 11. Bf4 Bd6 12. Bg3 Nxd4 13. Nxd4 Nxh2 14. Kxh2 h5 15. Kg1 Bxg3 16. fxg3 Qc5 17. c3 e5 18. Bc4 Qxc4 19. Nf5 Qc5+ 20. Rf2 O-O 21. Qxh5 d5 22. cxb4 Qxb4 23. Nxg7 Qxe4 24. Nf5 Bxf5 25. Rxf5 Rae8 26. Rg5+ Qg6 27. Rxg6+ fxg6 28. Qxg6+ Kh8 29. Rc1 1-0

[Event "POL-chT 2nd League-4 2020"]
[Site "Poronin"]
[Date "2020.09.07"]
[Round "3.6"]
[White "Siwek, Kinga"]
[Black "Karykowska, Anna"]
[Result "0-1"]
[ECO "B28"]
[WhiteElo "1804"]
[BlackElo "1999"]
[Annotator "ChessBase"]
[PlyCount "94"]
[EventDate "2020.09.05"]
[EventType "team-tourn"]
[EventCountry "POL"]
[SourceTitle "playchess.com"]
[Source "ChessBase"]
[SourceQuality "1"]
[TimeControl "40/5400+30:900+30"]

1. e4 c5 2. Nf3 a6 3. d3 Nc6 4. g3 g6 5. Bg2 Bg7 6. c3 d6 7. O-O e5 8. Re1 Nge7 9. Be3 O-O 10. Qd2 b5 11. Na3 Rb8 12. Bg5 Be6 13. b4 cxb4 14. cxb4 f6 15. Be3 d5 16. Bc5 d4 17. Rac1 Qd7 18. Rc2 Rfc8 19. Rec1 Bf8 20. Nb1 Nd8 21. Qe2 Nb7 22. Nbd2 Nxc5 23. bxc5 Nc6 24. Rb1 a5 25. a3 a4 26. Nh4 Na5 27. f4 Rxc5 28. Rxc5 Bxc5 29. f5 Bf7 30. fxg6 hxg6 31. Qf3 Rb6 32. Qf1 Nb3 33. Nxb3 axb3 34. Bh3 Qd6 35. Qc1 Kg7 36. Ra1 Rc6 37. Qb2 Bxa3 38. Rxa3 Rc2 39. Rxb3 Rxb2 40. Rxb2 Qc5 41. Bf1 b4 42. Nf3 b3 43. Nd2 Qc3 44. Rxb3 Bxb3 45. Nxb3 Qxb3 46. Be2 f5 47. exf5 gxf5 0-1

[Event "POL-chT 2nd League-4 2020"]
[Site "Poronin"]
[Date "2020.09.07"]
[Round "3.7"]
[White "Brzezinski, Mateusz"]
[Black "Kosiorek, Marek"]
[Result "0-1"]
[ECO "D03"]
[WhiteElo "2230"]
[BlackElo "2223"]
[Annotator "ChessBase"]
[PlyCount "84"]
[EventDate "2020.09.05"]
[EventType "team-tourn"]
[EventCountry "POL"]
[SourceTitle "playchess.com"]
[Source "ChessBase"]
[SourceQuality "1"]
[TimeControl "40/5400+30:900+30"]

1. d4 d5 2. Nf3 Nf6 3. Bg5 e6 4. e3 c5 5. Be2 Qb6 6. Bxf6 gxf6 7. b3 cxd4 8. Qxd4 Bg7 9. Qxb6 axb6 10. a4 f5 11. Nd4 f4 12. Na3 fxe3 13. fxe3 Ke7 14. Nab5 Na6 15. O-O Bd7 16. c3 Nc5 17. Ra3 Bh6 18. Rf3 e5 19. Nc7 exd4 20. exd4 Ne4 21. Nxd5+ Kd6 22. Nxb6 Bg4 23. Nxa8 Rxa8 24. Ra2 Bxf3 25. Bxf3 Nxc3 26. Rc2 Be3+ 27. Kf1 Bxd4 28. Rd2 Ke5 29. Bxb7 Rb8 30. Bc6 Rxb3 31. g3 Ra3 32. Kg2 Nxa4 33. Re2+ Kd6 34. Re4 Ra2+ 35. Kh3 Kxc6 36. Rxd4 Nc5 37. Kg4 Rxh2 38. Rf4 Nd7 39. Kg5 f6+ 40. Kf5 Re2 41. Rh4 Re5+ 42. Kf4 h5 0-1

[Event "POL-chT 2nd League-4 2020"]
[Site "Poronin"]
[Date "2020.09.07"]
[Round "3.8"]
[White "Lukasik, Adam"]
[Black "Kujawski, Adam"]
[Result "0-1"]
[ECO "A33"]
[WhiteElo "2010"]
[BlackElo "2201"]
[Annotator "ChessBase"]
[PlyCount "170"]
[EventDate "2020.09.05"]
[EventType "team-tourn"]
[EventCountry "POL"]
[SourceTitle "playchess.com"]
[Source "ChessBase"]
[SourceQuality "1"]
[TimeControl "40/5400+30:900+30"]

1. d4 Nf6 2. Nf3 c5 3. c4 cxd4 4. Nxd4 Nc6 5. Nc3 e6 6. Ndb5 d5 7. cxd5 Nxd5 8. e4 Nxc3 9. Qxd8+ Kxd8 10. Nxc3 Bc5 11. Bc4 Ke7 12. O-O a6 13. a4 Ne5 14. Be2 Rd8 15. Bf4 Nd3 16. Bxd3 Rxd3 17. Rfd1 Rxd1+ 18. Rxd1 Bd7 19. e5 Bc6 20. Kf1 f6 21. f3 Rd8 22. Rxd8 Kxd8 23. Ke2 Bd4 24. exf6 gxf6 25. a5 f5 26. Kd3 Bf6 27. Be3 Kd7 28. Bc5 e5 29. Ke3 Bg5+ 30. Kd3 Ke6 31. b4 h5 32. h3 Bh4 33. Bf8 Be1 34. Bc5 Kf6 35. Bd6 Bg3 36. Bc5 Ke6 37. Bf8 Be1 38. Bc5 Bh4 39. Bf8 Kf7 40. Bd6 Bg3 41. Bc5 Be1 42. Bd6 Ke6 43. Bc5 Be8 44. Bf8 Bg6 45. Bc5 Bh4 46. Bf8 Bg5 47. Bc5 e4+ 48. fxe4 fxe4+ 49. Ke2 Ke5 50. Kf2 Be8 51. Ke2 Bd7 52. Kf2 Bd2 53. Nb1 Bc1 54. Nc3 Bg5 55. Ke2 Be6 56. Kf2 Bc4 57. Nd1 Bd2 58. Ne3 Bb5 59. Kg3 Be1+ 60. Kh2 Bd3 61. g3 Be2 62. Nc2 Bc3 63. Ne3 Be1 64. Nc2 Bd2 65. Ne3 Bd3 66. Kg2 Be1 67. Kh2 Ke6 68. Kg2 Be2 69. Nc2 Bf3+ 70. Kh2 Bd2 71. Kg1 Kd5 72. Ne3+ Kc6 73. Kf2 Kb5 74. g4 hxg4 75. hxg4 Bxb4 76. Bxb4 Kxb4 77. g5 Bh5 78. Nf5 Kxa5 79. Ke3 Kb4 80. Ng3 Bg6 81. Nxe4 a5 82. Kd4 a4 83. Nc3 a3 84. Na2+ Kb3 85. Nc3 b6 0-1

[Event "POL-chT 2nd League-4 2020"]
[Site "Poronin"]
[Date "2020.09.07"]
[Round "3.9"]
[White "Wisniewski, Adam"]
[Black "Kurpiewski, Slawomir"]
[Result "1-0"]
[ECO "C50"]
[WhiteElo "1934"]
[BlackElo "1943"]
[Annotator "NA"]
[PlyCount "55"]
[EventDate "2020.09.05"]
[EventType "team-tourn"]
[EventCountry "POL"]
[SourceTitle "playchess.com"]
[Source "ChessBase"]
[SourceQuality "1"]
[TimeControl "40/5400+30:900+30"]

1. e4 e5 2. Nf3 Nc6 3. Bc4 Nf6 4. d3 Bc5 5. Bb3 d6 6. c3 a6 7. O-O Ba7 8. h3 h6 9. Be3 g5 10. Nh2 Ne7 11. Bxa7 Rxa7 12. d4 O-O 13. Ng4 Nxg4 14. hxg4 Ng6 15. Na3 b5 16. Nc2 c5 17. Ne3 Be6 18. Nf5 c4 19. Bc2 Bxf5 20. gxf5 Ne7 21. Qh5 Kg7 22. Rad1 Qb6 23. Rd2 Ng8 24. Rfd1 Nf6 25. Qh2 Qb8 26. dxe5 dxe5 27. Rd6 Qe8 28. Rxf6 1-0

[Event "POL-chT 2nd League-4 2020"]
[Site "Poronin"]
[Date "2020.09.07"]
[Round "3.10"]
[White "Sikorski, Tomasz"]
[Black "Stoppel, Mariusz"]
[Result "1/2-1/2"]
[ECO "D00"]
[WhiteElo "1702"]
[BlackElo "1982"]
[Annotator "ChessBase"]
[PlyCount "51"]
[EventDate "2020.09.05"]
[EventType "team-tourn"]
[EventCountry "POL"]
[SourceTitle "playchess.com"]
[Source "ChessBase"]
[SourceQuality "1"]
[TimeControl "40/5400+30:1800+30"]

1. d4 d5 2. Bf4 Nf6 3. e3 Bf5 4. Nf3 e6 5. Be2 Be7 6. O-O O-O 7. h3 Nbd7 8. c4 dxc4 9. Bxc4 Nb6 10. Be2 Nbd5 11. Bh2 Ne4 12. Nbd2 Bd6 13. Nxe4 Bxh2+ 14. Kxh2 Bxe4 15. Qb3 Qd6+ 16. Kh1 a5 17. Nd2 Bg6 18. Nc4 Qb4 19. Qxb4 axb4 20. Ne5 Ra5 21. Nxg6 hxg6 22. Bc4 c6 23. g3 Rd8 24. Kg2 Kf8 25. Kf3 Ke7 26. Rac1 1/2-1/2

[Event "POL-chT 2nd League-4 2020"]
[Site "Poronin"]
[Date "2020.09.07"]
[Round "3.11"]
[White "Skowronski, Piotr"]
[Black "Kakowski, Wojciech"]
[Result "1-0"]
[ECO "A11"]
[WhiteElo "2001"]
[BlackElo "1409"]
[Annotator "ChessBase"]
[PlyCount "87"]
[EventDate "2020.09.05"]
[EventType "team-tourn"]
[EventCountry "POL"]
[SourceTitle "playchess.com"]
[Source "ChessBase"]
[SourceQuality "1"]
[TimeControl "40/5400+30:900+30"]

1. c4 c6 2. d4 d5 3. e3 Nf6 4. Nc3 dxc4 5. Bxc4 b5 6. Bd3 Bb7 7. Nf3 Nbd7 8. O-O e6 9. Re1 Be7 10. a3 O-O 11. e4 a5 12. e5 Nd5 13. Ne4 Qb6 14. Bg5 Bxg5 15. Nexg5 g6 16. Qd2 c5 17. Re4 h5 18. Rh4 Kg7 19. g4 Rh8 20. gxh5 Rxh5 21. Rxh5 gxh5 22. Kh1 Ne7 23. Qf4 Rf8 24. Nh7 Ng6 25. Bxg6 fxg6 26. Nxf8 Nxf8 27. Kg1 Qc6 28. Kg2 Nh7 29. h4 Kh8 30. Kg3 cxd4 31. Rc1 Qd5 32. Rc7 g5 33. hxg5 Qxf3+ 34. Qxf3 Bxf3 35. Kxf3 Nxg5+ 36. Kf4 Nh3+ 37. Kg3 Ng1 38. Rd7 h4+ 39. Kxh4 Nf3+ 40. Kg3 Nxe5 41. Rxd4 Nc4 42. a4 Nxb2 43. axb5 e5 44. Rh4+ 1-0

[Event "POL-chT 2nd League-4 2020"]
[Site "Poronin"]
[Date "2020.09.07"]
[Round "3.12"]
[White "Dabrowska, Aleksandra"]
[Black "Mackiewicz, Anna"]
[Result "0-1"]
[ECO "B00"]
[WhiteElo "1566"]
[BlackElo "1858"]
[Annotator "NA"]
[PlyCount "84"]
[EventDate "2020.09.05"]
[EventType "team-tourn"]
[EventCountry "POL"]
[SourceTitle "playchess.com"]
[Source "ChessBase"]
[SourceQuality "1"]
[TimeControl "40/5400+30:900+30"]

1. e4 d6 2. Nc3 g6 3. Nf3 Bg7 4. d4 e6 5. Be3 Ne7 6. Qd2 h6 7. g3 Nd7 8. Bg2 Nb6 9. Qe2 Bd7 10. Nd2 e5 11. dxe5 dxe5 12. Nb3 Be6 13. Nc5 Bc4 14. Qg4 Qd6 15. b3 Ba6 16. Nxa6 bxa6 17. O-O O-O 18. Qe2 Qb4 19. Nd1 a5 20. a3 Qd6 21. Qb5 Qc6 22. Qe2 Rad8 23. Nb2 f5 24. exf5 e4 25. c4 gxf5 26. f3 a4 27. Rab1 axb3 28. Nd1 Qxc4 29. Qxc4+ Nxc4 30. Rxb3 Nxe3 31. Nxe3 Rd3 32. Rxd3 exd3 33. Nc4 Rd8 34. Rd1 Rd4 35. Nd2 Nd5 36. Re1 Ra4 37. Nb1 c5 38. Bh3 Bd4+ 39. Kh1 Ne3 40. Bf1 c4 41. h4 Nxf1 42. Rxf1 c3 0-1

[Event "POL-chT 2nd League-4 2020"]
[Site "Poronin"]
[Date "2020.09.07"]
[Round "3.13"]
[White "Niekras, Dawid"]
[Black "Piekarski, Lukasz"]
[Result "1/2-1/2"]
[ECO "B09"]
[WhiteElo "2329"]
[BlackElo "1868"]
[Annotator "ChessBase"]
[PlyCount "114"]
[EventDate "2020.09.05"]
[EventType "team-tourn"]
[EventCountry "POL"]
[SourceTitle "playchess.com"]
[Source "ChessBase"]
[SourceQuality "1"]
[TimeControl "40/5400+30:900+30"]

1. e4 d6 2. d4 Nf6 3. Nc3 g6 4. f4 Bg7 5. Nf3 c5 6. dxc5 Qa5 7. Qd4 O-O 8. Bd2 Nc6 9. Qc4 Qxc5 10. Qxc5 dxc5 11. e5 Ne8 12. Be3 b6 13. O-O-O Nc7 14. Bd3 Bb7 15. Be4 Rad8 16. g4 f5 17. exf6 exf6 18. f5 Rfe8 19. Bf4 Nb5 20. Rxd8 Nxd8 21. Bxb7 Nxc3 22. Ba6 Nxa2+ 23. Kd2 Re4 24. Bc7 Nb4 25. Bb5 Nf7 26. c3 Re7 27. Bb8 Bh6+ 28. Kd1 Nd5 29. Kc2 Ne3+ 30. Kb3 a5 31. fxg6 hxg6 32. h3 Kf8 33. Nh4 Kg7 34. Bd3 c4+ 35. Bxc4 Nxc4 36. Kxc4 f5 37. gxf5 Re4+ 38. Kb5 Rxh4 39. fxg6 Kxg6 40. Kxb6 a4 41. Kb5 Bf8 42. Ra1 a3 43. b4 Rxh3 44. Rxa3 Kf5 45. Ra7 Ke6 46. c4 Nd8 47. c5 Rb3 48. Ra6+ Kd7 49. Bd6 Bxd6 50. Rxd6+ Kc7 51. Rh6 Rb1 52. Rh7+ Kb8 53. Rd7 Kc8 54. Rd4 Kc7 55. Rg4 Rb2 56. Rg1 Kb7 57. Rg7+ Kb8 1/2-1/2

[Event "POL-chT 2nd League-4 2020"]
[Site "Poronin"]
[Date "2020.09.07"]
[Round "3.14"]
[White "Mrozowski, Patryk"]
[Black "Zakrzewski, Marek"]
[Result "1/2-1/2"]
[ECO "B47"]
[WhiteElo "2062"]
[BlackElo "2267"]
[Annotator "ChessBase"]
[PlyCount "80"]
[EventDate "2020.09.05"]
[EventType "team-tourn"]
[EventCountry "POL"]
[SourceTitle "playchess.com"]
[Source "ChessBase"]
[SourceQuality "1"]
[TimeControl "40/5400+30:900+30"]

1. e4 c5 2. Nf3 e6 3. d4 cxd4 4. Nxd4 Nc6 5. Nc3 Qc7 6. g4 a6 7. h4 b5 8. Nxc6 Qxc6 9. a3 Bb7 10. Rh3 Bc5 11. Bg2 Ne7 12. h5 Qb6 13. Be3 Bxe3 14. Rxe3 d5 15. exd5 O-O-O 16. Qe2 Nxd5 17. Nxd5 Bxd5 18. Bxd5 Rxd5 19. Rd1 Rhd8 20. Red3 Qc5 21. Rxd5 Rxd5 22. Rxd5 Qxd5 23. Qe3 Kb7 24. f3 f5 25. Qc3 Kb6 26. Qe3+ Kc6 27. Qa7 Qe5+ 28. Kf1 fxg4 29. Qxa6+ Kd7 30. Qb7+ Ke8 31. fxg4 Qf4+ 32. Ke2 Qxg4+ 33. Qf3 Qc4+ 34. Qd3 Qc5 35. Qxh7 Qe5+ 36. Kd2 Qxb2 37. Qe4 Ke7 38. Qh4+ Kd7 39. Qe4 Ke7 40. Qh4+ Kd7 1/2-1/2

[Event "POL-chT 2nd League-4 2020"]
[Site "Poronin"]
[Date "2020.09.07"]
[Round "3.15"]
[White "Bajerlein, Dawid"]
[Black "Pasionek, Ariel"]
[Result "1-0"]
[ECO "A53"]
[WhiteElo "2037"]
[BlackElo "1894"]
[Annotator "ChessBase"]
[PlyCount "79"]
[EventDate "2020.09.05"]
[EventType "team-tourn"]
[EventCountry "POL"]
[SourceTitle "playchess.com"]
[Source "ChessBase"]
[SourceQuality "1"]
[TimeControl "40/5400+30:900+30"]

1. d4 Nf6 2. c4 d6 3. Nf3 g6 4. g3 Bg7 5. Bg2 O-O 6. Nc3 c6 7. O-O Bg4 8. Ne1 Qc8 9. f3 Bh3 10. e4 Bxg2 11. Kxg2 e5 12. d5 c5 13. Nd3 Nbd7 14. Be3 a6 15. a4 h6 16. Qd2 Kh7 17. Rae1 Qc7 18. h3 Rae8 19. Bg1 Ng8 20. b3 f5 21. f4 Qa5 22. exf5 Rxf5 23. Ne4 Qxd2+ 24. Nxd2 Ref8 25. Ne4 exf4 26. gxf4 g5 27. Nxd6 R5f6 28. Ne4 Rf5 29. Nexc5 Nxc5 30. Bxc5 R8f7 31. Ne5 Rc7 32. Bd6 Rc8 33. Nd3 Nf6 34. fxg5 Rxg5+ 35. Kh2 Rg8 36. Be7 Kg6 37. Rg1 Kf7 38. Rxg5 hxg5 39. d6 Nd7 40. Bxg5 1-0

[Event "POL-chT 2nd League-4 2020"]
[Site "Poronin"]
[Date "2020.09.07"]
[Round "3.16"]
[White "Wojciechowski, Beniamin"]
[Black "Hemmerling, Jaroslaw"]
[Result "1-0"]
[ECO "C02"]
[WhiteElo "1814"]
[BlackElo "1938"]
[Annotator "ChessBase"]
[PlyCount "133"]
[EventDate "2020.09.05"]
[EventType "team-tourn"]
[EventCountry "POL"]
[SourceTitle "playchess.com"]
[Source "ChessBase"]
[SourceQuality "1"]
[TimeControl "40/5400+30:900+30"]

1. e4 e6 2. d4 d5 3. e5 c5 4. f4 Nc6 5. Nf3 Nh6 6. Bd3 Bd7 7. O-O Qb6 8. a3 a5 9. Re1 Nxd4 10. Nxd4 cxd4 11. Qe2 Bc5 12. Nd2 O-O 13. Kh1 f5 14. h3 Rac8 15. b3 Qd8 16. g3 Qe7 17. Bb2 Kh8 18. Nf3 Rg8 19. Qd2 b6 20. Qc1 Nf7 21. h4 Nh6 22. Bxd4 Ng4 23. Kg2 Bxd4 24. Nxd4 Qc5 25. Qb2 Rc7 26. Re2 Rgc8 27. Ra2 Kg8 28. b4 Qe7 29. bxa5 bxa5 30. Qb6 Qc5 31. Qxc5 Rxc5 32. Nb3 R5c7 33. Nxa5 Ra7 34. Nb3 Rc3 35. Rb2 Rxa3 36. Nd4 Ra1 37. Rb7 Bc8 38. Rb8 Kf7 39. Nb5 Rxd3 40. Nd6+ Kg6 41. cxd3 Ba6 42. Rd2 Ne3+ 43. Kf3 Nf1 44. Rdb2 Bxd3 45. R8b3 Ba6 46. Kf2 Nh2 47. Ke3 Ng4+ 48. Kd4 Rd1+ 49. Kc5 d4 50. Nb5 d3 51. Ra2 d2 52. Nc3 Rc1 53. Rxd2 Ne3 54. Kb4 Nf1 55. Rd6 Bc8 56. Ne2 Rc2 57. Nd4 Rd2 58. Kc3 Rg2 59. Nxe6 Rxg3+ 60. Kb2 Rg2+ 61. Kc1 Kf7 62. Ng5+ Ke7 63. Rc3 h6 64. Rc7+ Ke8 65. Rxc8+ Ke7 66. Rc7+ Ke8 67. Ne6 1-0

[Event "POL-chT 2nd League-4 2020"]
[Site "Poronin"]
[Date "2020.09.07"]
[Round "3.17"]
[White "Glatty, Zbigniew"]
[Black "Palacki, Rafal"]
[Result "1-0"]
[ECO "B90"]
[WhiteElo "1857"]
[BlackElo "1806"]
[Annotator "NA"]
[PlyCount "73"]
[EventDate "2020.09.05"]
[EventType "team-tourn"]
[EventCountry "POL"]
[SourceTitle "playchess.com"]
[Source "ChessBase"]
[SourceQuality "1"]
[TimeControl "40/5400+30:900+30"]

1. e4 c5 2. Nf3 d6 3. d4 cxd4 4. Nxd4 Nf6 5. Nc3 a6 6. Be3 e5 7. Nb3 Be7 8. Be2 Be6 9. Nd5 Nbd7 10. f3 h5 11. Qd2 b5 12. a4 Bxd5 13. exd5 bxa4 14. Na5 Nb6 15. c4 Nfd7 16. Bd1 Qc8 17. Bxb6 Nxb6 18. Bxa4+ Nxa4 19. Rxa4 Qf5 20. O-O Rh6 21. Nc6 Bg5 22. Qe2 Bf4 23. b4 Qg5 24. Rfa1 Qh4 25. h3 Qg3 26. Rxa6 Qh2+ 27. Kf2 Rxa6 28. Rxa6 f5 29. Ra8+ Kf7 30. Nd8+ Kf6 31. Ne6 Rg6 32. Nxf4 exf4 33. Qe6+ Kg5 34. Qe7+ Rf6 35. Qxg7+ Rg6 36. Qe7+ Rf6 37. Rg8+ 1-0

[Event "POL-chT 2nd League-4 2020"]
[Site "Poronin"]
[Date "2020.09.07"]
[Round "3.18"]
[White "Krzysztynska, Anna"]
[Black "Kostecka, Marika"]
[Result "1/2-1/2"]
[ECO "B53"]
[WhiteElo "1867"]
[BlackElo "1917"]
[Annotator "ChessBase"]
[PlyCount "143"]
[EventDate "2020.09.05"]
[EventType "team-tourn"]
[EventCountry "POL"]
[SourceTitle "playchess.com"]
[Source "ChessBase"]
[SourceQuality "1"]
[TimeControl "40/5400+30:900+30"]

1. e4 c5 2. Nf3 d6 3. d4 cxd4 4. Qxd4 Nc6 5. Bb5 Bd7 6. Qd3 a6 7. Ba4 h6 8. Nc3 Nf6 9. h3 e6 10. Be3 Be7 11. O-O-O Rc8 12. Bxc6 Bxc6 13. Nd4 b5 14. Nxc6 Rxc6 15. f4 b4 16. Ne2 Qa5 17. Nd4 Rc8 18. Kb1 Qa4 19. f5 e5 20. Nb3 Qc6 21. Nd2 a5 22. Rhe1 d5 23. exd5 Nxd5 24. Ne4 Rd8 25. Qe2 a4 26. Rd3 a3 27. b3 Nc7 28. Rxd8+ Bxd8 29. Bc5 Be7 30. Qc4 Nd5 31. Bxe7 Qxc4 32. bxc4 Nxe7 33. Nd6+ Kd7 34. Nxf7 Rc8 35. Nxe5+ Kd6 36. g4 Nc6 37. Nd3 Nd4 38. c5+ Kd5 39. Nxb4+ Kc4 40. Nd3 Kc3 41. Nc1 Nxc2 42. Re2 Nd4 43. Re3+ Kb4 44. Nd3+ Kc4 45. Ne5+ Kd5 46. Nf3 Nb5 47. Re5+ Kc4 48. Nd2+ Kc3 49. Nb3 Rd8 50. Re3+ Kb4 51. Kc2 Nc7 52. Re4+ Kb5 53. Rd4 Re8 54. Rd7 Na6 55. Rb7+ Kc4 56. Nd2+ Kxc5 57. Rb3 Nb4+ 58. Kd1 Nxa2 59. Rxa3 Nb4 60. Ra7 Nd3 61. Rxg7 Nf2+ 62. Kc2 Nxh3 63. f6 Kd6 64. Rg6 Rc8+ 65. Kd1 Ke6 66. Ne4 Rc4 67. Ng3 Nf2+ 68. Ke2 Nxg4 69. Nh5 Kf7 70. Rg7+ Kf8 71. Rg6 Kf7 72. Rg7+ 1/2-1/2

[Event "POL-chT 2nd League-4 2020"]
[Site "Poronin"]
[Date "2020.09.07"]
[Round "3.19"]
[White "Bilczewski, Kacper"]
[Black "Smagalski, Slawomir"]
[Result "1-0"]
[ECO "C54"]
[WhiteElo "2101"]
[BlackElo "1940"]
[Annotator "ChessBase"]
[PlyCount "131"]
[EventDate "2020.09.05"]
[EventType "team-tourn"]
[EventCountry "POL"]
[SourceTitle "playchess.com"]
[Source "ChessBase"]
[SourceQuality "1"]
[TimeControl "40/5400+30:900+30"]

1. e4 e5 2. Nf3 Nc6 3. Bc4 Bc5 4. c3 Nf6 5. d3 d6 6. O-O O-O 7. b4 Bb6 8. a4 a5 9. b5 Ne7 10. Nbd2 Ng6 11. Bb3 c6 12. Qc2 h6 13. Ba3 Be6 14. Nc4 c5 15. d4 Bxc4 16. Bxc4 Qe7 17. dxe5 dxe5 18. Rad1 Bc7 19. Rd2 b6 20. Rfd1 Rad8 21. g3 Rxd2 22. Rxd2 Rd8 23. Rxd8+ Qxd8 24. Qd3 Qxd3 25. Bxd3 Ne8 26. Nd2 Nd6 27. Kf1 Kf8 28. Ke2 Ke7 29. Bc1 f6 30. Nf1 Ke6 31. Ne3 Ne7 32. Bb1 f5 33. exf5+ Ndxf5 34. Nxf5 Nxf5 35. Ba2+ Kf6 36. Bd5 Ne7 37. Be4 Ke6 38. Kd3 Bd6 39. f3 Bc7 40. Be3 Bd6 41. g4 Nd5 42. Bxd5+ Kxd5 43. c4+ Ke6 44. h4 Be7 45. h5 Bd8 46. Ke4 Bg5 47. Bf2 Bf4 48. Bh4 Bg5 49. Be1 Bf4 50. Bc3 Bg3 51. Bd2 Bh4 52. Be3 Bg5 53. Bf2 Bf4 54. Bh4 Bg5 55. Bg3 Bf6 56. Bh2 g5 57. hxg6 Bg7 58. Bg3 Bf6 59. Be1 Bh8 60. Bh4 Bf6 61. Bxf6 Kxf6 62. g7 Kxg7 63. Kxe5 Kg6 64. f4 h5 65. gxh5+ Kxh5 66. f5 1-0

[Event "POL-chT 2nd League-4 2020"]
[Site "Poronin"]
[Date "2020.09.07"]
[Round "3.20"]
[White "Papka, Sebastian"]
[Black "Samborski, Henryk"]
[Result "1-0"]
[ECO "E12"]
[WhiteElo "2139"]
[BlackElo "2069"]
[Annotator "ChessBase"]
[PlyCount "137"]
[EventDate "2020.09.05"]
[EventType "team-tourn"]
[EventCountry "POL"]
[SourceTitle "playchess.com"]
[Source "ChessBase"]
[SourceQuality "1"]
[TimeControl "40/5400+30:900+30"]

1. d4 Nf6 2. c4 e6 3. Nf3 b6 4. a3 Bb7 5. Nc3 Ne4 6. Nxe4 Bxe4 7. e3 Be7 8. Bd3 Bxd3 9. Qxd3 d5 10. O-O O-O 11. Bd2 Nd7 12. cxd5 exd5 13. b4 Bd6 14. b5 Qe7 15. Rfc1 Qe4 16. Qb3 a5 17. bxa6 Rfc8 18. a4 Rxa6 19. Qb5 Nb8 20. Bb4 Bxb4 21. Qxb4 c5 22. Qb5 Qe7 23. Ne5 Qd6 24. Nd3 c4 25. a5 Rxa5 26. Rxa5 bxa5 27. Qxa5 Nc6 28. Qa6 Qc7 29. Nf4 Ne7 30. Ne2 g6 31. g3 Qc6 32. Qa3 Nf5 33. Nc3 h5 34. Qa5 Ne7 35. h4 Ra8 36. Qb4 Qe6 37. Qb7 Ra3 38. Qb4 Rb3 39. Qa4 Kg7 40. Qa5 Qf5 41. Qa2 Nc6 42. Qc2 Qd7 43. Rb1 Qb7 44. Rc1 Nb4 45. Qe2 Nd3 46. Rc2 Rb1+ 47. Nxb1 Qxb1+ 48. Kh2 f5 49. Ra2 Qb7 50. Qd2 Qc7 51. Qc3 Qe7 52. Kg1 Kh6 53. Ra8 Qb7 54. Qa3 Qb4 55. Qxb4 Nxb4 56. Kf1 Kg7 57. Ra5 c3 58. Ke2 c2 59. Kd2 c1=Q+ 60. Kxc1 Nd3+ 61. Kd2 Nxf2 62. Ke2 Ne4 63. Kf3 Nf6 64. Kf4 Kf7 65. Ra7+ Kf8 66. Kg5 Ne4+ 67. Kxg6 Nxg3 68. Rf7+ Ke8 69. Rxf5 1-0

[Event "POL-chT 2nd League-4 2020"]
[Site "Poronin"]
[Date "2020.09.07"]
[Round "3.21"]
[White "Lamza, Zenon"]
[Black "Walaszczyk, Witold"]
[Result "1-0"]
[ECO "E12"]
[WhiteElo "2220"]
[BlackElo "2028"]
[Annotator "ChessBase"]
[PlyCount "62"]
[EventDate "2020.09.05"]
[EventType "team-tourn"]
[EventCountry "POL"]
[SourceTitle "playchess.com"]
[Source "ChessBase"]
[SourceQuality "1"]
[TimeControl "40/5400+30:900+30"]

1. d4 Nf6 2. Nf3 e6 3. c4 b6 4. a3 Bb7 5. Nc3 Be7 6. d5 exd5 7. cxd5 O-O 8. e4 d6 9. Bd3 c6 10. dxc6 Nxc6 11. O-O Ne5 12. Nxe5 dxe5 13. Bg5 Nd7 14. Bxe7 Qxe7 15. Bc4 Rad8 16. Qe2 Nf6 17. Rad1 Rd4 18. Nd5 Bxd5 19. exd5 Qc5 20. Rxd4 exd4 21. b4 Qc7 22. Rd1 Re8 23. Qa2 Re7 24. g3 Ng4 25. Rxd4 Re1+ 26. Kg2 Qe5 27. Rxg4 h5 28. Rf4 g5 29. Rf3 Qd4 30. d6 g4 31. Rf4 Qd1 1-0

[Event "POL-chT 2nd League-4 2020"]
[Site "Poronin"]
[Date "2020.09.07"]
[Round "3.22"]
[White "Swiatnicki, Andrzej"]
[Black "Radecki, Adam"]
[Result "1/2-1/2"]
[ECO "A45"]
[WhiteElo "2004"]
[BlackElo "2002"]
[Annotator "ChessBase"]
[PlyCount "102"]
[EventDate "2020.09.05"]
[EventType "team-tourn"]
[EventCountry "POL"]
[SourceTitle "playchess.com"]
[Source "ChessBase"]
[SourceQuality "1"]
[TimeControl "40/5400+30:900+30"]

1. d4 Nf6 2. Nc3 d6 3. Bg5 Nbd7 4. Nf3 e5 5. e4 Be7 6. Be2 O-O 7. O-O c6 8. dxe5 dxe5 9. a3 Qc7 10. Nd2 Rd8 11. Qc1 Nc5 12. f4 exf4 13. Bxf4 Bd6 14. Nc4 Bxf4 15. Qxf4 Qxf4 16. Rxf4 Be6 17. b4 Rd4 18. Na5 Ncxe4 19. Bf3 Bd5 20. Nxe4 Nxe4 21. Re1 f5 22. Rxf5 Nd6 23. Bxd5+ cxd5 24. Rfe5 Rc8 25. Nb3 Re4 26. R1xe4 Nxe4 27. Nd4 Rc3 28. Rxd5 Rxa3 29. g3 Ra4 30. Rd8+ Kf7 31. Rd7+ Kf6 32. Rxb7 Nd6 33. Rd7 Nc4 34. Nc6 Ra2 35. c3 Nd2 36. Rxa7 Nf3+ 37. Kf1 Nxh2+ 38. Ke1 Rb2 39. Nd4 Ng4 40. Kd1 Ne5 41. Ra6+ Kf7 42. Ra5 Nd3 43. Rd5 Nf2+ 44. Ke1 Ne4 45. Rd7+ Kf6 46. Rc7 Nxg3 47. b5 Ne4 48. c4 Ke5 49. Nc6+ Kd6 50. Rxg7 Kc5 51. Rxh7 Kxc4 1/2-1/2